 Dungeon Crawl Stone Soup version 0.30-a0-782-ge64f9170bb (webtiles) character file.

Game seed: 16547352730486402402

48149 sanka the Marksdemigod (level 13, -5/111 HPs)
             Began as a Demigod Hunter on Feb 23, 2023.
             Slain by Agnes
             ... wielding a +6 vampiric lajatang
              (28 damage)
             ... on level 15 of the Dungeon.
             The game lasted 00:32:48 (18758 turns).

sanka the Marksdemigod (Demigod Hunter)            Turns: 18758, Time: 00:32:48

Health: -5/111     AC: 18    Str:  7    XL:     13   Next: 74%
Magic:  0/16       EV: 27    Int: 14    God:
Gold:   1018       SH:  0    Dex: 42    Spells: 12/12 levels left

rFire   . . .      SeeInvis .    a - +0 arbalest
rCold   . . .      Faith    .    (shield currently unavailable)
rNeg    . . .      Spirit   +    F - +5 steam dragon scales
rPois   +          Reflect  .    M - +2 helmet {Int+3}
rElec   .          Harm     .    T - +1 cloak {rPois}
rCorr   +          Rampage  .    L - +0 pair of gloves
Will    ++++.                    A - +1 pair of boots
Stlth   +++                      w - amulet of guardian spirit
HPRegen 0.38/turn                C - ring "Ukhufez" {Will+++ rCorr Str-5 Dex+3}
MPRegen 0.15/turn                g - +6 ring of dexterity

@: about to teleport
A: high MP 1, forlorn, divine attributes
a: no special abilities


You were on level 15 of the Dungeon.
You visited 1 branch of the dungeon, and saw 15 of its levels.

You collected 2082 gold pieces.
You spent 1064 gold pieces at shops.


Innate Abilities, Weirdness & Mutations

You have an increased reservoir of magic. (+10% MP)
You shall have no god before yourself.
Your divine heritage dramatically boosts your attributes as you level up.


   Skills:
 - Level 9.3 Fighting
 + Level 18.9 Ranged Weapons
 - Level 9.3 Dodging
 - Level 0.8 Stealth


You had 12 spell levels left.
You didn't know any spells.
Your spell library contained the following spells:

 Spells                   Type           Power      Damage    Failure   Level
 Apportation              Tloc           0%         N/A       28%         1
 Magic Dart               Conj           0%         1d3       28%         1
 Necrotise                Necr           0%         1d4       28%         1
 Sting                    Tmut/Pois      0%         1d3       28%         1
 Summon Small Mammal      Summ           0%         N/A       28%         1
 Call Imp                 Summ           0%         N/A       41%         2
 Poisonous Vapours        Pois/Air       0%         N/A       41%         2
 Static Discharge         Conj/Air       0%         2-2/arc   41%         2
 Sublimation of Blood     Necr           0%         N/A       41%         2
 Mephitic Cloud           Conj/Pois/Air  0%         N/A       65%         3
 Tukima's Dance           Hex            0%         N/A       65%         3
 Vhi's Electric Charge    Tloc/Air       0%         N/A       65%         3
 Cause Fear               Hex            0%         N/A       96%         4
 Olgreb's Toxic Radiance  Pois           0%         N/A       96%         4
 Passage of Golubria      Tloc           0%         N/A       96%         4
 Petrify                  Tmut/Erth      0%         N/A       96%         4
 Summon Lightning Spire   Summ/Air       0%         N/A       96%         4
 Arcjolt                  Conj/Air       0%         1d10      100%        5
 Irradiate                Conj/Tmut      0%         3d11      100%        5
 Lightning Bolt           Conj/Air       0%         1d11      100%        5
 Summon Forest            Summ/Tloc      0%         N/A       100%        5
 Yara's Violent Unravell  Hex/Tmut       0%         3d3       100%        5
 Eringya's Noxious Bog    Tmut/Pois      0%         N/A       100%        6
 Dragon Form              Tmut           0%         N/A       100%        7
 Ozocubu's Refrigeration  Ice            0%         4d7       100%        7
 Storm Form               Tmut/Air       0%         N/A       100%        7
 Summon Hydra             Summ           0%         N/A       100%        7
 Ignition                 Fire           0%         3d3       100%        8
 Maxwell's Capacitive Co  Air            0%         ∞         100%        8
 Dragon's Call            Summ           0%         N/A       100%        9

Inventory:

Hand Weapons
 a - a +0 arbalest (weapon)
 b - a +1 antimagic shortbow
 W - a +1 shortbow of draining
 Y - a +0 longbow
Missiles
 S - a throwing net {=f}
 U - 10 curare-tipped darts {=f}
Armour
 A - a +1 pair of boots (worn)
 F - +5 steam dragon scales (worn)
 L - a +0 pair of gloves (worn)
 M - a +2 helmet of intelligence (worn)
 T - a +1 cloak of poison resistance (worn)
Jewellery
 g - a +6 ring of dexterity (right hand)
 w - an amulet of guardian spirit (around neck)
 x - an amulet of reflection
 C - the ring "Ukhufez" (left hand) {Will+++ rCorr Str-5 Dex+3}

   [ring of resist corrosion]

   Str:       It affects your strength (-5).
   Dex:       It affects your dexterity (+3).
   rCorr:     It protects you from acid and corrosion.
   Will:      It greatly increases your willpower.
 N - an amulet of the acrobat
 V - a ring of ice
Wands
 u - a wand of charming (19)
 v - a wand of polymorph (12)
 G - a wand of flame (6)
 O - a wand of roots (9)
 R - a wand of acid (17)
Scrolls
 c - 2 scrolls of noise {!r}
 f - 4 scrolls of enchant weapon
 i - 3 scrolls of teleportation {@r4}
 l - a scroll of summoning
 o - a scroll of poison
 q - a scroll of torment {!r}
 r - a scroll of enchant armour
 s - 4 scrolls of fog
 t - 4 scrolls of amnesia
 y - 5 scrolls of immolation {!r}
 B - 3 scrolls of vulnerability {!r}
 D - 2 scrolls of silence {!r}
 I - a scroll of blinking
 J - 3 scrolls of magic mapping
 K - a scroll of brand weapon
Potions
 d - 2 potions of resistance
 e - a potion of cancellation {unknown}
 h - 3 potions of attraction {!q}
 k - 5 potions of lignification {!q}
 n - 11 potions of curing {@q1}
 p - 2 potions of mutation {unknown}
 z - 2 potions of ambrosia
 E - 4 potions of flight
 H - 2 potions of haste {@q3}
 P - a potion of brilliance {unknown}
 Q - 2 potions of might {unknown}
 X - a potion of experience {unknown}

Dungeon Overview and Level Annotations

Branches:
Dungeon (15/15)            Temple (0/1) D:6            Lair (0/5) D:9
    Orc (0/2) D:12         Vaults (0/5) D:14         Depths (0/4) D:15

Shops:
D:1 ?[:[?   D:2 ?[   D:5 !

Portals:
Trove: D:11 (give 8 potions of haste)

Annotations:
D:6 2 transporters, exclusion: downstairs, funkygono's ghost, novice GrFE
D:7 2 transporters, senseless's ghost, novice MeFi
D:12 exclusion: downstairs
D:15 Agnes

▒.▒▒....▒▒▒
▒.▒.......+
▒.▒▒.<..▒▒▒
▒.......▒
▒▒▒▒▒.▒▒▒
▒.▒ ▒.▒ ▒.▒
▒p▒ ▒i▒
▒.c..cc..
▒▒▒▒▒▒▒.▒


You could see Agnes and a yaktaur.


Message History

* * * LOW HITPOINT WARNING * * *
Agnes draws strength from your wounds!
You shoot a bolt. The bolt closely misses Agnes.
Agnes hits you with a +6 vampiric lajatang!
* * * LOW HITPOINT WARNING * * *
Agnes draws strength from your wounds!
Agnes hits you with a +6 vampiric lajatang!!
* * * LOW HITPOINT WARNING * * *
A yaktaur comes into view.
You shoot a bolt. The bolt hits Agnes!!
Agnes is moderately wounded.
Agnes hits you with a +6 vampiric lajatang!
* * * LOW HITPOINT WARNING * * *
Agnes draws strength from your wounds!
Agnes hits you with a +6 vampiric lajatang!
* * * LOW HITPOINT WARNING * * *
Agnes draws strength from your wounds! Agnes misses you.
Agnes barely misses you.
As you read the scroll of teleportation {@r4}, it crumbles to dust.
You feel strangely unstable.
Agnes hits you with a +6 vampiric lajatang!
* * * LOW HITPOINT WARNING * * *
Agnes draws strength from your wounds! Agnes misses you.
Agnes attacks as you move away!
Agnes hits you with a +6 vampiric lajatang!!
You die...

Action                     |  1- 3 |  4- 6 |  7- 9 | 10-12 | 13-15 || total
---------------------------+-------+-------+-------+-------+-------++-------
  Melee: Unarmed           |       |    14 |       |       |       ||    14
         Shortbow          |       |       |     2 |       |       ||     2
   Fire: Shortbow          |    94 |   177 |   417 |   544 |       ||  1232
         Arbalest          |       |       |       |   154 |   235 ||   389
    Use: Scroll            |       |       |     6 |    20 |     3 ||    29
         Potion            |       |       |       |     7 |     1 ||     8
   Stab: Confused          |       |     1 |       |       |       ||     1
 Armour: Leather armour    |    13 |    19 |    16 |       |       ||    48
         Skin              |       |     2 |       |       |       ||     2
         Robe              |       |       |     8 |       |       ||     8
         Steam dragon scal |       |       |    48 |    85 |    36 ||   169
  Dodge: Dodged            |    19 |    71 |   170 |   354 |   156 ||   770

Levels and vault maps discovered:
D:1:      scummos_arrival_star, layout_rooms, serial_shops, shop,
          nicolae_shop_hallway_plus, shop_fountains, shop, nicolae_shop_crystal,
          minivault_25
D:2:      layout_loops_ring, serial_shops, shop, shop, minivault_4,
          dk_noncrumbling_2, minmay_misc_feat_roman
D:3:      layout_loops_ring, xom_redecorated, uniq_ijyb
D:4:      layout_loops_ring
D:5:      layout_basic, gammafunk_temple_overflow_pools, serial_shops, shop,
          uniq_blork_the_orc
D:6:      layout_basic, grunt_temple_overflow_lords_of_destruction,
          mainiacjoe_overflow_six_doors_small, minmay_temple_entry_trees,
          gammafunk_ghost_hive, chequers_serial_rivers_small_a, uniq_maggie,
          uniq_sigmund
D:7:      layout_basic, gammafunk_ghost_wrathful_warriors
D:8:      layout_gridville, grunt_qazlal_sundering, hangedman_feature_mirror,
          uniq_grum, uniq_gastronok, uniq_erica
D:9:      wad_guarded_room, layout_basic, tso_metal_star, bloody_trog,
          uniq_harold, uniq_maurice
D:10:     layout_gridville, lemuel_round_altar, nicolae_uskayaw_en_pointe,
          billiards_dpeg
D:11:     layout_grid_maze, nicolae_trove_entry_free_sample,
          hangedman_glass_teeth
D:12:     layout_cave_pods, erik_orc_4
D:13:     layout_irregular_city, minmay_unpleasant_kobolds
D:14:     layout_irregular_city, grunt_vaults_entry_fortified, nicolae_sextant,
          uniq_kirke
D:15:     gammafunk_depths_entry_grave, layout_loops_corners,
          grunt_decor_resistance, uniq_josephine, uniq_agnes

Notes
Turn   | Place    | Note
-------+----------+-------------------------------------------
     0 | D:1      | sanka the Demigod Hunter began the quest for the Orb.
     0 | D:1      | Reached XP level 1. HP: 17/17 MP: 3/3
   137 | D:1      | Reached skill level 2 in Fighting
   140 | D:1      | Found Qonwij's Antique Armour Shop.
   164 | D:1      | Found Ustiocy's Magic Scroll Shop.
   222 | D:1      | Found Sestusut's Antique Armour Boutique.
   323 | D:1      | Reached XP level 2. HP: 24/24 MP: 4/4
   348 | D:1      | Found Ametip's Magic Scroll Shoppe.
   513 | D:1      | Found Xirom's Book Emporium.
   582 | D:2      | Reached skill level 4 in Ranged Weapons
   645 | D:2      | Reached XP level 3. HP: 30/30 MP: 5/5
   939 | D:2      | Found Kauros's Antique Armour Emporium.
  1144 | D:2      | Found Tyatiox's Magic Scroll Boutique.
  1237 | D:2      | Reached skill level 3 in Fighting
  1244 | D:2      | Reached XP level 4. HP: 11/38 MP: 6/6
  1398 | D:2      | Reached skill level 5 in Ranged Weapons
  1992 | D:3      | Reached XP level 5. HP: 45/45 MP: 7/7
  2232 | D:3      | Noticed an ice beast
  2245 | D:3      | Killed an ice beast
  2290 | D:3      | Noticed Ijyb
  2306 | D:3      | Killed Ijyb
  2591 | D:4      | Reached skill level 4 in Fighting
  2591 | D:4      | Reached skill level 6 in Ranged Weapons
  2591 | D:4      | Reached XP level 6. HP: 47/52 MP: 8/8
  3435 | D:4      | Reached XP level 7. HP: 45/60 MP: 6/9
  3782 | D:1      | Bought a pair of glowing boots for 187 gold pieces
  3895 | D:5      | Entered Level 5 of the Dungeon
  3918 | D:4      | Reached skill level 7 in Ranged Weapons
  4014 | D:5      | Noticed Blork the orc
  4031 | D:5      | Killed Blork the orc
  4032 | D:5      | Reached skill level 5 in Fighting
  4292 | D:5      | Found Moutoufid's Distillery.
  4348 | D:5      | Identified the ring "Ukhufez" {Will+++ rCorr Str-5 Dex+3}
  4647 | D:5      | Reached skill level 8 in Ranged Weapons
  4742 | D:5      | Reached XP level 8. HP: 69/69 MP: 10/10
  5057 | D:6      | Found a staircase to the Ecumenical Temple.
  5081 | D:6      | Reached skill level 6 in Fighting
  5121 | D:6      | Reached skill level 9 in Ranged Weapons
  5267 | D:6      | Identified +0 steam dragon scales
  5267 | D:6      | Noticed Maggie
  5283 | D:6      | Killed Maggie
  5535 | D:6      | Identified the +2 plate armour of Makhleb's Delight {Dex+5}
  5537 | D:6      | Noticed a queen bee
  5549 | D:6      | Noticed Sigmund
  5553 | D:6      | Killed Sigmund
  5554 | D:6      | Reached skill level 7 in Fighting
  5554 | D:6      | Reached skill level 10 in Ranged Weapons
  5554 | D:6      | Reached XP level 9. HP: 79/79 MP: 11/11
  5556 | D:6      | Noticed funkygono's ghost (novice GrFE)
  5559 | D:6      | Found a transporter.
  5563 | D:6      | Found a transporter.
  6032 | D:7      | Found a transporter.
  6036 | D:7      | Noticed senseless's ghost (novice MeFi)
  6041 | D:7      | Found a transporter.
  6044 | D:7      | Noticed a moth of wrath
  6412 | D:1      | Bought a runed helmet for 165 gold pieces
  6587 | D:7      | Reached skill level 8 in Fighting
  6630 | D:7      | Reached skill level 2 in Dodging
  6866 | D:8      | Reached skill level 3 in Dodging
  6908 | D:8      | Noticed Erica
  6993 | D:8      | Reached skill level 4 in Dodging
  7048 | D:8      | Noticed Grum
  7054 | D:8      | Reached skill level 5 in Dodging
  7387 | D:8      | Noticed Gastronok
  8119 | D:9      | Reached skill level 6 in Dodging
  8150 | D:9      | Found a staircase to the Lair.
  8384 | D:12     | Reached XP level 10. HP: 68/88 MP: 10/13
  8466 | D:12     | Reached skill level 7 in Dodging
  8642 | D:10     | Entered Level 10 of the Dungeon
  8647 | D:10     | Killed Grum
  8975 | D:9      | Reached skill level 8 in Dodging
  8980 | D:9      | Noticed a centaur warrior
  8993 | D:9      | Killed a centaur warrior
  9257 | D:9      | Reached skill level 11 in Ranged Weapons
  9575 | D:9      | Noticed a wizard
  9601 | D:9      | Killed a wizard
 10249 | D:9      | Noticed Harold
 10258 | D:9      | Killed Harold
 10259 | D:9      | Reached skill level 12 in Ranged Weapons
 10290 | D:9      | Noticed Maurice
 10481 | D:9      | Killed Maurice
 10676 | D:8      | Killed Gastronok
 10677 | D:8      | Reached XP level 11. HP: 62/94 MP: 9/14
 10882 | D:2      | Bought a scroll of enchant armour for 82 gold pieces
 10882 | D:2      | Bought 2 scrolls of identify for 44 gold pieces
 11133 | D:10     | Reached skill level 13 in Ranged Weapons
 11373 | D:10     | Noticed a +0 dagger
 11373 | D:10     | Noticed a +0 short sword
 11374 | D:10     | Noticed a +0 spear
 11375 | D:10     | Noticed a +0 spear
 11375 | D:10     | Noticed a +0 falchion
 11376 | D:10     | Noticed a +0 short sword
 11376 | D:10     | Noticed a +0 falchion
 11377 | D:10     | Noticed a +0 dagger
 11528 | D:10     | Identified a scroll of acquirement
 11528 | D:10     | Acquired 1108 gold pieces
 11620 | D:5      | Bought a potion of heal wounds for 70 gold pieces
 11718 | D:1      | Bought a scroll of brand weapon for 104 gold pieces
 12363 | D:10     | Killed Erica
 12364 | D:10     | Reached skill level 14 in Ranged Weapons
 12494 | D:11     | Found a portal to a secret trove of treasure.
 12700 | D:1      | Bought 3 scrolls of identify for 60 gold pieces
 12700 | D:1      | Bought a scroll of identify for 20 gold pieces
 12700 | D:1      | Bought a scroll of enchant weapon for 75 gold pieces
 12700 | D:1      | Bought a scroll of magic mapping for 75 gold pieces
 12802 | D:5      | Bought a potion of lignification for 42 gold pieces
 12802 | D:5      | Bought a potion of resistance for 140 gold pieces
 12978 | D:11     | Noticed a boulder beetle
 12990 | D:11     | Killed a boulder beetle
 13803 | D:12     | Reached skill level 15 in Ranged Weapons
 13814 | D:12     | Found a staircase to the Orcish Mines.
 13914 | D:12     | Noticed a boulder beetle
 13922 | D:12     | Killed a boulder beetle
 14101 | D:12     | Noticed a two-headed ogre
 14106 | D:12     | Killed a two-headed ogre
 14256 | D:12     | Reached XP level 12. HP: 94/101 MP: 13/15
 14289 | D:12     | Noticed a boulder beetle
 14308 | D:12     | Killed a boulder beetle
 14738 | D:13     | Reached skill level 16 in Ranged Weapons
 14872 | D:13     | Identified +0 acid dragon scales
 14959 | D:13     | Noticed a centaur warrior
 14962 | D:13     | Killed a centaur warrior
 15392 | D:14     | Noticed a catoblepas
 15396 | D:14     | Killed a catoblepas
 15397 | D:14     | Reached skill level 17 in Ranged Weapons
 15515 | D:14     | Noticed a boulder beetle
 15517 | D:14     | Noticed a centaur warrior
 15702 | D:14     | Noticed a boulder beetle
 15708 | D:14     | Killed a boulder beetle
 15732 | D:14     | Noticed an ogre mage
 15732 | D:14     | Noticed a vault guard
 15738 | D:14     | Killed an ogre mage
 15742 | D:14     | HP: 9/101 [vault guard/+3 great sword (10)]
 15742 | D:14     | HP: 4/101 [something (5)]
 15979 | D:14     | Noticed Kirke
 16143 | D:14     | Killed Kirke
 16144 | D:14     | Reached skill level 18 in Ranged Weapons
 16144 | D:14     | Reached XP level 13. HP: 93/107 MP: 14/16
 16711 | D:14     | Found a gate to the Vaults.
 17395 | D:14     | Reached skill level 9 in Fighting
 17395 | D:14     | Reached skill level 9 in Dodging
 17501 | D:15     | Entered Level 15 of the Dungeon
 17534 | D:15     | Noticed Josephine
 17550 | D:15     | Killed Josephine
 17788 | D:15     | HP: 8/106 [jiangshi[a vampire mage] (5)]
 18419 | D:15     | Found a staircase to the Depths.
 18747 | D:15     | Noticed Agnes
 18754 | D:15     | HP: 8/111 [Agnes/+6 vampiric lajatang (5)]
 18758 | D:15     | Slain by Agnes

Vanquished Creatures
  Gastronok (D:8)
  Kirke (D:14)
  A caustic shrike zombie (D:15)
  An entropy weaver (shapeshifter) (D:15)
  Josephine (D:15)
  4 vault guards (D:14)
  An ogre mage (D:14)
  A rakshasa (D:13)
  Harold (D:9)
  A hydra (D:13)
  3 centaur warriors
  4 boulder beetles
  2 catoblepae (D:14)
  4 two-headed ogres
  2 tengu warriors
  Erica (D:10)
  A vampire mage (D:15)
  A deep elf knight (D:14)
  A skeletal warrior (D:15)
  A necromancer (D:15)
  3 deep elf pyromancers
  An orc sorcerer (D:14)
  2 orc knights
  9 ugly things
  Maurice (D:9)
  3 manticores
  Maggie (D:6)
  3 gargoyles
  2 spriggan zombies (D:15)
  An unseen horror (D:13)
  A kobold demonologist (D:11)
  An efreet (D:11)
  A guardian mummy (D:15)
  A tengu conjurer (D:14)
  4 trolls
  6 meliai (D:14)
  2 hornets
  Sigmund (D:6)
  18 slime creatures
  A spriggan skeleton (D:15)
  7 wraiths
  A wyvern (shapeshifter) (D:13)
  A vampire (D:13)
  6 hogs (D:14)
  A shadow (D:13)
  4 wyverns
  7 yaks
  A basilisk (D:11)
  A steam dragon (D:8)
  11 vampire mosquitoes
  2 wargs (D:12)
  Grum (D:10)
  2 acid dragons
  4 orc warriors
  3 boggarts (D:14)
  2 sky beasts
  A black bear (D:6)
  3 ice beasts
  4 wolves
  An ogre (D:4)
  6 centaurs
  A phantom (D:6)
  7 kobold brigands
  Blork the orc (D:5)
  5 bullfrogs
  4 scorpions
  2 necrophages
  16 wights
  A hornet simulacrum (D:15)
  2 killer bees (D:9)
  2 howler monkeys (D:9)
  A crimson imp (D:6)
  6 orc priests
  4 hounds
  2 iguanas
  Ijyb (D:3)
  16 orc wizards
  12 adders
  5 gnolls
  3 worms
  6 dart slugs
  42 orcs
  7 endoplasms
  3 giant cockroaches
  7 goblins
  5 hobgoblins
  9 jackals
  3 quokkas
  7 ball pythons
  5 bats
  A frilled lizard (D:3)
  12 kobolds
  4 rats
366 creatures vanquished.

Vanquished Creatures (others)
  A wizard (D:9)
  A human (D:15)
  5 withered plants (D:15)
7 creatures vanquished.

Grand Total: 373 creatures vanquished
